[ AOE2 MATCH · #488509284 ]
UnrankedDravidians vs Lithuanians
[ REPLAY ANALYSIS · EXTRACTED FROM THE RECORDED GAME ]
Feudal
13:39
Castle
22:58
Imperial
—
| APM avg | 62.2 |
| APM peak | 112 |
| eAPM avg | 23.9 |
| Villagers / military | 86 / 31 |
Focus
⚔️ 32.8% · 🌾 67.2%
Archer ×25 · Fishing Ship ×10 · Demolition Raft ×6 · Unknown (2626) ×2
Feudal
14:08
Castle
17:38
Imperial
30:09
| APM avg | 63.8 |
| APM peak | 94 |
| eAPM avg | 34.2 |
| Villagers / military | 92 / 57 |
Focus
⚔️ 32.8% · 🌾 67.2%
Cavalry Archer ×36 · Fishing Ship ×32 · Mangonel ×6 · Battering Ram ×6 · Samurai ×5 · Knight ×2
Feudal
14:49
Castle
18:21
Imperial
—
| APM avg | 38.4 |
| APM peak | 68 |
| eAPM avg | 23.6 |
| Villagers / military | 62 / 10 |
Focus
⚔️ 33.1% · 🌾 66.9%
Fishing Ship ×13 · Unknown (2626) ×9 · Scorpion ×5 · Mangonel ×3 · Fire Galley ×1 · Demolition Raft ×1
Feudal
10:33
Castle
30:50
Imperial
—
| APM avg | 50.6 |
| APM peak | 86 |
| eAPM avg | 27.3 |
| Villagers / military | 59 / 2 |
Focus
⚔️ 26.2% · 🌾 73.8%
Unknown (2626) ×20 · Fishing Ship ×11 · Fire Galley ×2
Feudal
12:22
Castle
20:04
Imperial
—
| APM avg | 48.5 |
| APM peak | 101 |
| eAPM avg | 24.4 |
| Villagers / military | 78 / 15 |
Focus
⚔️ 28.8% · 🌾 71.2%
Fishing Ship ×24 · Steppe Lancer ×8 · Unknown (2626) ×6 · Fire Galley ×4 · Monk ×1 · Scorpion ×1
Feudal
12:17
Castle
15:47
Imperial
—
| APM avg | 45.4 |
| APM peak | 76 |
| eAPM avg | 26.5 |
| Villagers / military | 131 / 46 |
Focus
⚔️ 44.1% · 🌾 55.9%
Camel Scout ×30 · Fishing Ship ×10 · Archer ×6 · Scout Cavalry ×5 · Armored Elephant ×3 · Monk ×2
Feudal
14:18
Castle
18:16
Imperial
—
| APM avg | 52.7 |
| APM peak | 133 |
| eAPM avg | 29.2 |
| Villagers / military | 114 / 26 |
Focus
⚔️ 44.5% · 🌾 55.5%
Konnik ×26 · Fishing Ship ×7 · Unknown (2626) ×1
Feudal
13:09
Castle
—
Imperial
—
| APM avg | 36.9 |
| APM peak | 52 |
| eAPM avg | 26.6 |
| Villagers / military | 68 / 41 |
Focus
⚔️ 43.8% · 🌾 56.2%
Fishing Ship ×28 · Militia ×24 · Skirmisher ×17
Match map
Initial resources + every placement click. Lines = walls · curves = elevation contours. ◆ gold · ⬟ stone · ● berries · ✦ relic · ◌ wall gap
Your base· Open — 5t gap
ELEOS | Danielsiii's base· Open — 5t gap
Niilcha's base· Open — unwalled flank
ELEOS | wosm's base· Open — 3t gap
Bubbagump's base· Open — 2t gap
Eli's base· Open — 9t gap
Zni.Locuss's base· Open — 5t gap
Zni.Kark01's base· Open — 3t gap
Smoothed initial terrain · ◌ = detected wall gap · hover for details
Inputs per minute
— ELEOS | Hitorek - - ELEOS | Danielsiii
Build order — ELEOS | Hitorek
First 150 of 219 actions detected
| 0:08 | Build | Town Center |
| 1:49 | Build | Dock |
| 2:34 | Create | Villager (Male) |
| 2:35 | Create | Villager (Male) |
| 2:35 | Create | Villager (Male) |
| 3:02 | Create | Villager (Male) |
| 3:16 | Create | Fishing Ship |
| 4:12 | Create | Villager (Male) |
| 4:21 | Build | House |
| 4:40 | Create | Villager (Male) |
| 4:40 | Create | Villager (Male) |
| 4:59 | Build | House |
| 5:05 | Research | Loom |
| 5:14 | Create | Villager (Male) |
| 5:14 | Create | Villager (Male) |
| 5:37 | Create | Fishing Ship |
| 5:38 | Create | Villager (Male) |
| 6:53 | Create | Villager (Male) |
| 6:55 | Create | Fishing Ship |
| 7:15 | Create | Villager (Male) |
| 7:34 | Create | Villager (Male) |
| 7:36 | Create | Villager (Male) |
| 7:41 | Create | Fishing Ship |
| 8:10 | Create | Fishing Ship |
| 8:20 | Build | House |
| 8:28 | Create | Villager (Male) |
| 8:51 | Create | Villager (Male) |
| 8:55 | Build | House |
| 8:59 | Create | Villager (Male) |
| 9:11 | Create | Villager (Male) |
| 9:34 | Build | Lumber Camp |
| 9:44 | Create | Fishing Ship |
| 9:49 | Create | Villager (Male) |
| 10:24 | Build | Dock |
| 10:32 | Create | Villager (Male) |
| 11:00 | Create | Fishing Ship |
| 11:01 | Create | Villager (Male) |
| 11:04 | Create | Fishing Ship |
| 11:29 | Research | Feudal Age |
| 11:40 | Build | Mining Camp |
| 11:49 | Build | Mining Camp |
| 11:56 | Create | Fishing Ship |
| 12:37 | Build | Barracks |
| 12:45 | Create | Fishing Ship |
| 13:11 | Build | House |
| 13:13 | Build | Palisade Wall |
| 13:15 | Build | Palisade Wall |
| 13:16 | Build | Palisade Wall |
| 13:16 | Build | Palisade Wall |
| 13:39 | Age | Feudal Age |
| 13:43 | Create | Demolition Raft |
| 13:45 | Create | Demolition Raft |
| 13:52 | Create | Villager (Male) |
| 13:55 | Build | Archery Range |
| 14:10 | Create | Demolition Raft |
| 14:12 | Create | Demolition Raft |
| 14:13 | Create | Villager (Male) |
| 14:14 | Research | Double-Bit Axe |
| 14:19 | Create | Villager (Male) |
| 14:28 | Create | Villager (Male) |
| 14:38 | Create | Villager (Male) |
| 14:40 | Build | House |
| 14:48 | Build | Dock |
| 14:52 | Create | Unit 2626 |
| 14:58 | Create | Archer |
| 15:01 | Build | Archery Range |
| 15:02 | Create | Villager (Male) |
| 15:21 | Create | Villager (Male) |
| 15:25 | Create | Villager (Male) |
| 15:32 | Create | Unit 2626 |
| 15:45 | Create | Villager (Male) |
| 15:48 | Build | Blacksmith |
| 16:08 | Create | Archer |
| 16:09 | Create | Villager (Male) |
| 16:22 | Create | Archer |
| 16:35 | Build | Dock |
| 16:44 | Build | House |
| 16:45 | Build | House |
| 16:46 | Create | Archer |
| 16:49 | Create | Villager (Male) |
| 17:03 | Create | Archer |
| 17:08 | Create | Villager (Male) |
| 17:10 | Research | Fletching |
| 17:10 | Research | Fletching |
| 17:20 | Build | House |
| 17:20 | Build | House |
| 17:26 | Create | Villager (Male) |
| 17:38 | Create | Archer |
| 17:49 | Create | Archer |
| 17:59 | Create | Villager (Male) |
| 18:02 | Build | Mill |
| 18:25 | Create | Archer |
| 18:25 | Create | Archer |
| 18:31 | Build | House |
| 18:40 | Create | Villager (Male) |
| 18:46 | Build | Market |
| 18:48 | Build | House |
| 18:51 | Build | House |
| 19:00 | Create | Archer |
| 19:02 | Create | Villager (Male) |
| 19:03 | Build | Farm |
| 19:04 | Build | Farm |
| 19:13 | Create | Archer |
| 19:52 | Create | Villager (Male) |
| 19:54 | Build | Farm |
| 19:55 | Build | House |
| 20:00 | Create | Archer |
| 20:01 | Create | Archer |
| 20:06 | Build | Farm |
| 20:18 | Research | Castle Age |
| 20:26 | Create | Archer |
| 20:32 | Build | House |
| 20:50 | Create | Archer |
| 21:13 | Create | Archer |
| 21:23 | Build | House |
| 21:24 | Build | House |
| 21:26 | Create | Villager (Male) |
| 21:27 | Build | House |
| 21:30 | Build | Palisade Wall |
| 21:32 | Create | Archer |
| 21:34 | Build | House |
| 21:42 | Create | Demolition Raft |
| 21:44 | Create | Demolition Raft |
| 22:10 | Create | Archer |
| 22:24 | Research | Horse Collar |
| 22:26 | Research | Gold Mining |
| 22:38 | Create | Archer |
| 22:48 | Build | Palisade Wall |
| 22:56 | Build | House |
| 22:57 | Build | House |
| 22:58 | Age | Castle Age |
| 22:59 | Build | House |
| 23:00 | Build | Palisade Wall |
| 23:01 | Research | Crossbowman (upgrade) |
| 23:17 | Build | Town Center |
| 23:31 | Create | Villager (Male) |
| 23:32 | Create | Villager (Male) |
| 23:43 | Create | Villager (Male) |
| 23:51 | Create | Archer |
| 23:51 | Create | Archer |
| 23:52 | Create | Villager (Male) |
| 23:53 | Build | Farm |
| 23:54 | Build | Farm |
| 23:56 | Build | House |
| 24:12 | Build | Farm |
| 24:14 | Build | Farm |
| 24:18 | Create | Archer |
| 24:31 | Create | Archer |
| 24:33 | Create | Villager (Male) |
| 24:47 | Create | Villager (Male) |
Build order — ELEOS | Danielsiii
First 150 of 287 actions detected
| 0:02 | Build | Town Center |
| 0:17 | Build | Dock |
| 2:23 | Create | Villager (Male) |
| 2:23 | Create | Villager (Male) |
| 2:23 | Create | Villager (Male) |
| 2:24 | Create | Villager (Male) |
| 2:51 | Create | Villager (Male) |
| 3:56 | Create | Fishing Ship |
| 4:03 | Build | House |
| 4:13 | Create | Villager (Male) |
| 4:27 | Create | Villager (Male) |
| 5:03 | Research | Loom |
| 5:04 | Create | Villager (Male) |
| 5:08 | Create | Fishing Ship |
| 5:23 | Build | House |
| 5:28 | Create | Villager (Male) |
| 5:56 | Create | Villager (Male) |
| 6:10 | Create | Fishing Ship |
| 6:22 | Create | Villager (Male) |
| 6:28 | Create | Villager (Male) |
| 6:58 | Create | Fishing Ship |
| 7:04 | Build | House |
| 7:11 | Create | Villager (Male) |
| 7:14 | Build | Palisade Wall |
| 7:17 | Build | House |
| 7:24 | Create | Villager (Male) |
| 7:38 | Build | Lumber Camp |
| 7:40 | Create | Villager (Male) |
| 7:40 | Create | Fishing Ship |
| 7:51 | Create | Villager (Male) |
| 8:09 | Create | Villager (Male) |
| 8:11 | Create | Fishing Ship |
| 8:26 | Build | House |
| 8:38 | Create | Villager (Male) |
| 8:57 | Build | House |
| 9:12 | Build | Dock |
| 9:20 | Create | Villager (Male) |
| 9:33 | Create | Fishing Ship |
| 9:51 | Build | House |
| 9:52 | Create | Villager (Male) |
| 10:11 | Create | Villager (Male) |
| 10:23 | Build | Palisade Wall |
| 10:27 | Create | Villager (Male) |
| 10:28 | Create | Fishing Ship |
| 10:28 | Create | Fishing Ship |
| 10:28 | Create | Fishing Ship |
| 10:35 | Build | House |
| 10:39 | Build | House |
| 10:45 | Create | Villager (Male) |
| 10:51 | Create | Fishing Ship |
| 11:35 | Build | Dock |
| 11:42 | Build | Mining Camp |
| 11:49 | Research | Feudal Age |
| 11:55 | Create | Fishing Ship |
| 12:09 | Build | House |
| 12:10 | Build | House |
| 12:29 | Create | Fishing Ship |
| 12:29 | Create | Fishing Ship |
| 12:54 | Build | Barracks |
| 13:08 | Build | House |
| 13:13 | Create | Villager (Male) |
| 13:13 | Create | Villager (Male) |
| 13:27 | Build | Palisade Wall |
| 13:28 | Build | Palisade Wall |
| 13:30 | Build | Palisade Wall |
| 13:31 | Build | Palisade Wall |
| 14:08 | Age | Feudal Age |
| 14:12 | Build | Archery Range |
| 14:15 | Build | Blacksmith |
| 14:33 | Create | Fishing Ship |
| 14:34 | Create | Fishing Ship |
| 14:34 | Create | Fishing Ship |
| 14:39 | Research | Double-Bit Axe |
| 14:58 | Research | Castle Age |
| 14:58 | Research | Castle Age |
| 15:18 | Build | Lumber Camp |
| 15:21 | Create | Fishing Ship |
| 15:28 | Create | Fishing Ship |
| 15:51 | Research | Tech 906 |
| 16:16 | Build | Archery Range |
| 16:22 | Research | Gold Mining |
| 16:49 | Build | Stable |
| 17:07 | Create | Villager (Male) |
| 17:08 | Create | Villager (Male) |
| 17:08 | Create | Villager (Male) |
| 17:38 | Age | Castle Age |
| 17:40 | Build | Town Center |
| 17:41 | Research | Bow Saw |
| 17:43 | Research | Fletching |
| 17:44 | Research | Padded Archer Armor |
| 17:45 | Research | Husbandry |
| 17:46 | Research | Bloodlines |
| 18:02 | Create | Cavalry Archer |
| 18:02 | Create | Cavalry Archer |
| 18:03 | Create | Cavalry Archer |
| 18:04 | Create | Cavalry Archer |
| 18:24 | Research | Loom |
| 18:43 | Build | Town Center |
| 18:57 | Create | Cavalry Archer |
| 18:58 | Create | Villager (Male) |
| 19:08 | Build | Dock |
| 19:23 | Build | Lumber Camp |
| 19:24 | Create | Cavalry Archer |
| 19:24 | Create | Cavalry Archer |
| 19:27 | Create | Villager (Male) |
| 19:28 | Create | Villager (Male) |
| 19:29 | Create | Villager (Male) |
| 19:29 | Create | Villager (Male) |
| 19:29 | Create | Villager (Male) |
| 19:30 | Create | Villager (Male) |
| 19:30 | Create | Villager (Male) |
| 19:30 | Create | Villager (Male) |
| 19:30 | Create | Villager (Male) |
| 19:31 | Create | Villager (Male) |
| 19:37 | Create | Villager (Male) |
| 19:37 | Create | Villager (Male) |
| 19:40 | Create | Cavalry Archer |
| 19:41 | Create | Villager (Male) |
| 19:49 | Build | Archery Range |
| 20:02 | Create | Cavalry Archer |
| 20:07 | Research | Bodkin Arrow |
| 20:23 | Create | Villager (Male) |
| 20:29 | Create | Villager (Male) |
| 20:31 | Create | Cavalry Archer |
| 20:32 | Create | Cavalry Archer |
| 20:32 | Research | Gold Shaft Mining |
| 20:57 | Create | Villager (Male) |
| 21:16 | Create | Villager (Male) |
| 21:18 | Build | House |
| 21:19 | Build | House |
| 21:19 | Build | House |
| 21:20 | Build | House |
| 21:21 | Build | Mill |
| 21:30 | Create | Cavalry Archer |
| 21:30 | Create | Cavalry Archer |
| 21:32 | Create | Villager (Male) |
| 21:43 | Build | Mining Camp |
| 21:46 | Create | Villager (Male) |
| 21:46 | Create | Villager (Male) |
| 21:47 | Create | Villager (Male) |
| 21:52 | Create | Knight |
| 21:55 | Create | Villager (Male) |
| 22:01 | Build | Mining Camp |
| 22:11 | Build | Siege Workshop |
| 22:12 | Create | Fishing Ship |
| 22:13 | Create | Fishing Ship |
| 22:13 | Create | Fishing Ship |
| 22:13 | Create | Fishing Ship |
| 22:14 | Create | Fishing Ship |
| 22:20 | Build | Mining Camp |
Build order — Niilcha
136 actions detected in the replay
| 0:43 | Build | Town Center |
| 1:01 | Build | Dock |
| 1:29 | Build | House |
| 3:18 | Create | Villager (Male) |
| 3:18 | Create | Villager (Male) |
| 3:18 | Create | Villager (Male) |
| 3:19 | Create | Villager (Male) |
| 3:19 | Create | Villager (Male) |
| 3:19 | Create | Villager (Male) |
| 3:19 | Create | Villager (Male) |
| 4:07 | Create | Villager (Male) |
| 4:07 | Create | Villager (Male) |
| 4:21 | Create | Fishing Ship |
| 4:21 | Create | Fishing Ship |
| 4:51 | Build | House |
| 5:31 | Create | Fishing Ship |
| 5:45 | Create | Villager (Male) |
| 6:01 | Build | House |
| 6:17 | Create | Villager (Male) |
| 6:27 | Create | Fishing Ship |
| 6:57 | Create | Villager (Male) |
| 7:02 | Create | Fishing Ship |
| 7:11 | Build | House |
| 7:13 | Create | Villager (Male) |
| 7:45 | Create | Villager (Male) |
| 7:46 | Create | Fishing Ship |
| 8:03 | Create | Fishing Ship |
| 8:03 | Create | Fishing Ship |
| 8:10 | Create | Villager (Male) |
| 8:23 | Create | Villager (Male) |
| 8:42 | Build | House |
| 8:47 | Create | Fishing Ship |
| 8:54 | Create | Villager (Male) |
| 8:59 | Build | House |
| 9:08 | Create | Fishing Ship |
| 9:12 | Build | House |
| 9:21 | Create | Villager (Male) |
| 9:21 | Create | Villager (Male) |
| 9:22 | Create | Villager (Male) |
| 9:27 | Create | Fishing Ship |
| 9:37 | Build | House |
| 9:43 | Research | Loom |
| 10:09 | Create | Villager (Male) |
| 10:20 | Build | House |
| 10:21 | Create | Villager (Male) |
| 10:26 | Build | Dock |
| 10:34 | Create | Villager (Male) |
| 10:50 | Create | Villager (Male) |
| 11:02 | Create | Fishing Ship |
| 11:05 | Create | Villager (Male) |
| 11:28 | Build | Lumber Camp |
| 11:52 | Build | Mining Camp |
| 11:55 | Create | Villager (Male) |
| 12:18 | Research | Feudal Age |
| 13:11 | Build | Mill |
| 13:15 | Create | Fishing Ship |
| 13:15 | Build | House |
| 14:03 | Create | Villager (Male) |
| 14:49 | Age | Feudal Age |
| 14:50 | Build | Market |
| 14:52 | Build | Blacksmith |
| 14:55 | Create | Demolition Raft |
| 15:10 | Research | Town Watch |
| 15:24 | Create | Unit 2626 |
| 15:31 | Research | Double-Bit Axe |
| 15:33 | Research | Gold Mining |
| 15:41 | Research | Castle Age |
| 15:47 | Create | Unit 2626 |
| 16:03 | Build | Dock |
| 16:07 | Create | Villager (Male) |
| 16:10 | Create | Villager (Male) |
| 16:40 | Create | Villager (Male) |
| 16:46 | Build | Lumber Camp |
| 16:57 | Create | Villager (Male) |
| 17:00 | Create | Villager (Male) |
| 17:16 | Create | Unit 2626 |
| 17:16 | Create | Unit 2626 |
| 17:34 | Create | Villager (Male) |
| 17:59 | Create | Unit 2626 |
| 18:09 | Build | House |
| 18:11 | Create | Villager (Male) |
| 18:21 | Age | Castle Age |
| 18:25 | Research | War Galley (upgrade) |
| 18:28 | Create | Villager (Male) |
| 18:32 | Create | Villager (Male) |
| 18:34 | Build | Siege Workshop |
| 18:53 | Create | Fire Galley |
| 19:11 | Create | Scorpion |
| 19:16 | Create | Scorpion |
| 19:23 | Create | Unit 2626 |
| 19:23 | Create | Unit 2626 |
| 20:46 | Create | Unit 2626 |
| 20:46 | Create | Unit 2626 |
| 20:52 | Build | Palisade Wall |
| 20:52 | Build | Palisade Wall |
| 21:07 | Create | Scorpion |
| 21:54 | Create | Scorpion |
| 22:25 | Build | Mill |
| 22:44 | Create | Villager (Male) |
| 22:55 | Create | Villager (Male) |
| 23:46 | Create | Villager (Male) |
| 23:51 | Build | Town Center |
| 23:58 | Build | Lumber Camp |
| 24:22 | Build | House |
| 24:46 | Create | Villager (Male) |
| 25:04 | Create | Villager (Male) |
| 25:22 | Create | Villager (Male) |
| 25:30 | Create | Scorpion |
| 25:33 | Create | Villager (Male) |
| 25:42 | Build | Gate |
| 25:48 | Build | Dock |
| 26:34 | Create | Villager (Male) |
| 26:38 | Create | Villager (Male) |
| 27:01 | Create | Villager (Male) |
| 27:20 | Create | Mangonel |
| 27:23 | Create | Villager (Male) |
| 27:27 | Create | Villager (Male) |
| 28:00 | Create | Villager (Male) |
| 28:04 | Create | Mangonel |
| 28:25 | Create | Villager (Male) |
| 28:34 | Create | Villager (Male) |
| 29:00 | Create | Villager (Male) |
| 29:05 | Create | Villager (Male) |
| 29:25 | Create | Mangonel |
| 29:31 | Build | House |
| 29:43 | Create | Villager (Male) |
| 30:07 | Build | House |
| 30:39 | Build | Town Center |
| 30:54 | Create | Villager (Male) |
| 30:54 | Create | Villager (Male) |
| 30:55 | Create | Villager (Male) |
| 31:23 | Create | Villager (Male) |
| 31:23 | Create | Villager (Male) |
| 31:43 | Create | Villager (Male) |
| 31:43 | Create | Villager (Male) |
| 31:43 | Create | Villager (Male) |
Build order — ELEOS | wosm
First 150 of 158 actions detected
| 0:06 | Build | Town Center |
| 0:39 | Build | Dock |
| 1:57 | Build | House |
| 2:30 | Create | Villager (Male) |
| 2:30 | Create | Villager (Male) |
| 2:33 | Create | Villager (Male) |
| 3:13 | Create | Villager (Male) |
| 3:14 | Create | Villager (Male) |
| 4:05 | Create | Villager (Male) |
| 4:25 | Create | Fishing Ship |
| 4:43 | Create | Villager (Male) |
| 5:01 | Create | Fishing Ship |
| 5:29 | Create | Villager (Male) |
| 5:36 | Build | House |
| 5:49 | Create | Villager (Male) |
| 6:11 | Create | Villager (Male) |
| 6:14 | Create | Fishing Ship |
| 6:39 | Create | Villager (Male) |
| 6:55 | Create | Fishing Ship |
| 7:09 | Build | House |
| 7:10 | Create | Villager (Male) |
| 7:28 | Create | Villager (Male) |
| 7:38 | Create | Villager (Male) |
| 8:18 | Create | Villager (Male) |
| 8:32 | Build | Mining Camp |
| 8:47 | Create | Villager (Male) |
| 9:09 | Create | Villager (Male) |
| 9:14 | Research | Feudal Age |
| 9:54 | Build | Lumber Camp |
| 10:19 | Build | House |
| 10:32 | Create | Villager (Male) |
| 10:33 | Age | Feudal Age |
| 10:38 | Build | Watch Tower |
| 10:39 | Research | Double-Bit Axe |
| 10:49 | Build | Outpost |
| 10:53 | Create | Villager (Male) |
| 10:59 | Create | Fishing Ship |
| 11:16 | Build | Watch Tower |
| 11:17 | Create | Villager (Male) |
| 11:21 | Research | Loom |
| 11:24 | Create | Villager (Male) |
| 11:34 | Create | Fishing Ship |
| 11:38 | Build | House |
| 11:52 | Build | Palisade Wall |
| 11:55 | Build | Palisade Wall |
| 12:04 | Create | Villager (Male) |
| 12:22 | Build | Palisade Wall |
| 12:24 | Create | Villager (Male) |
| 12:42 | Create | Villager (Male) |
| 12:45 | Build | Watch Tower |
| 12:46 | Create | Villager (Male) |
| 12:52 | Build | Mining Camp |
| 12:53 | Create | Villager (Male) |
| 12:57 | Build | Palisade Wall |
| 13:01 | Build | Palisade Wall |
| 13:03 | Create | Villager (Male) |
| 13:18 | Create | Villager (Male) |
| 13:19 | Create | Villager (Male) |
| 13:28 | Create | Villager (Male) |
| 13:28 | Create | Villager (Male) |
| 13:54 | Create | Villager (Male) |
| 13:54 | Create | Villager (Male) |
| 14:14 | Build | Palisade Wall |
| 14:46 | Create | Fishing Ship |
| 14:46 | Create | Fishing Ship |
| 14:49 | Build | Dock |
| 15:04 | Create | Villager (Male) |
| 15:12 | Create | Villager (Male) |
| 15:35 | Build | House |
| 15:37 | Create | Fishing Ship |
| 15:44 | Create | Fire Galley |
| 15:44 | Create | Fire Galley |
| 15:47 | Create | Villager (Male) |
| 15:56 | Build | Outpost |
| 16:01 | Create | Villager (Male) |
| 16:24 | Build | Outpost |
| 16:26 | Build | Outpost |
| 16:50 | Create | Villager (Male) |
| 16:52 | Create | Unit 2626 |
| 16:52 | Create | Unit 2626 |
| 17:01 | Create | Villager (Male) |
| 17:05 | Build | Outpost |
| 17:22 | Create | Unit 2626 |
| 17:23 | Create | Unit 2626 |
| 17:33 | Build | Outpost |
| 17:34 | Create | Villager (Male) |
| 17:34 | Create | Villager (Male) |
| 17:37 | Create | Unit 2626 |
| 18:06 | Create | Villager (Male) |
| 18:19 | Build | Outpost |
| 18:28 | Create | Villager (Male) |
| 18:35 | Build | Lumber Camp |
| 18:42 | Build | Lumber Camp |
| 18:53 | Build | Stone Wall |
| 18:55 | Build | Stone Wall |
| 18:57 | Create | Villager (Male) |
| 19:09 | Create | Unit 2626 |
| 19:09 | Create | Unit 2626 |
| 19:10 | Create | Unit 2626 |
| 19:14 | Build | House |
| 19:15 | Build | House |
| 20:06 | Build | Gate |
| 20:08 | Build | Gate |
| 20:09 | Create | Villager (Male) |
| 20:12 | Build | Stone Wall |
| 20:13 | Create | Villager (Male) |
| 20:16 | Create | Fishing Ship |
| 20:17 | Create | Fishing Ship |
| 20:37 | Create | Unit 2626 |
| 20:56 | Build | House |
| 21:06 | Build | Lumber Camp |
| 21:07 | Create | Villager (Male) |
| 21:07 | Create | Villager (Male) |
| 21:37 | Create | Unit 2626 |
| 21:37 | Create | Unit 2626 |
| 22:04 | Create | Unit 2626 |
| 22:04 | Create | Unit 2626 |
| 22:17 | Build | Mill |
| 22:49 | Create | Villager (Male) |
| 22:49 | Create | Villager (Male) |
| 23:02 | Build | House |
| 24:29 | Build | Mill |
| 24:30 | Build | Farm |
| 24:30 | Build | Farm |
| 24:30 | Build | Farm |
| 24:31 | Build | Farm |
| 24:31 | Build | Farm |
| 24:31 | Build | Farm |
| 24:31 | Build | Farm |
| 24:32 | Build | Farm |
| 24:32 | Build | Farm |
| 25:41 | Build | Lumber Camp |
| 26:06 | Build | Town Center |
| 27:30 | Create | Villager (Male) |
| 27:30 | Create | Villager (Male) |
| 27:59 | Build | Market |
| 28:04 | Create | Villager (Male) |
| 28:38 | Create | Villager (Male) |
| 28:50 | Build | Blacksmith |
| 29:14 | Research | Castle Age |
| 29:50 | Build | Dock |
| 29:56 | Build | Dock |
| 30:21 | Build | Dock |
| 30:42 | Create | Villager (Male) |
| 30:47 | Create | Unit 2626 |
| 30:47 | Create | Unit 2626 |
| 30:50 | Age | Castle Age |
| 30:53 | Create | Villager (Male) |
| 31:06 | Research | War Galley (upgrade) |
| 31:09 | Build | Dock |
Build order — Bubbagump
First 150 of 210 actions detected
| 0:08 | Build | Town Center |
| 0:17 | Build | Town Center |
| 1:27 | Build | Dock |
| 1:29 | Build | House |
| 2:32 | Create | Villager (Male) |
| 2:32 | Create | Villager (Male) |
| 2:32 | Create | Villager (Male) |
| 2:33 | Create | Villager (Male) |
| 2:33 | Create | Villager (Male) |
| 3:38 | Create | Fishing Ship |
| 4:13 | Research | Loom |
| 4:23 | Build | House |
| 4:40 | Create | Villager (Male) |
| 5:07 | Create | Villager (Male) |
| 5:07 | Create | Villager (Male) |
| 5:33 | Create | Villager (Male) |
| 5:42 | Build | Palisade Wall |
| 5:43 | Build | Palisade Wall |
| 5:57 | Create | Villager (Male) |
| 6:17 | Create | Fishing Ship |
| 6:21 | Create | Villager (Male) |
| 6:35 | Build | House |
| 6:40 | Create | Villager (Male) |
| 6:40 | Create | Villager (Male) |
| 7:11 | Create | Villager (Male) |
| 7:32 | Create | Villager (Male) |
| 7:33 | Create | Fishing Ship |
| 7:59 | Create | Villager (Male) |
| 8:11 | Create | Fishing Ship |
| 8:16 | Create | Villager (Male) |
| 8:31 | Build | House |
| 8:34 | Create | Villager (Male) |
| 8:51 | Create | Villager (Male) |
| 9:21 | Create | Fishing Ship |
| 9:35 | Build | Mining Camp |
| 9:39 | Create | Villager (Male) |
| 10:08 | Research | Feudal Age |
| 10:09 | Research | Feudal Age |
| 10:19 | Build | House |
| 10:48 | Build | Dock |
| 11:05 | Create | Villager (Male) |
| 12:22 | Age | Feudal Age |
| 12:23 | Create | Unit 2626 |
| 12:23 | Create | Unit 2626 |
| 12:29 | Build | Lumber Camp |
| 12:35 | Create | Villager (Male) |
| 12:42 | Build | House |
| 12:55 | Research | Double-Bit Axe |
| 12:57 | Create | Villager (Male) |
| 12:59 | Create | Fire Galley |
| 13:01 | Create | Fire Galley |
| 13:13 | Build | House |
| 13:29 | Create | Villager (Male) |
| 13:52 | Create | Unit 2626 |
| 13:52 | Create | Unit 2626 |
| 14:01 | Create | Villager (Male) |
| 14:20 | Create | Villager (Male) |
| 14:25 | Build | Mill |
| 14:37 | Create | Unit 2626 |
| 14:37 | Create | Fire Galley |
| 14:40 | Create | Villager (Male) |
| 14:50 | Create | Fire Galley |
| 15:12 | Create | Villager (Male) |
| 15:33 | Create | Unit 2626 |
| 15:36 | Create | Villager (Male) |
| 15:38 | Create | Villager (Male) |
| 15:46 | Build | House |
| 15:48 | Build | Market |
| 15:56 | Research | Tech 906 |
| 16:02 | Create | Villager (Male) |
| 16:07 | Build | Palisade Wall |
| 16:29 | Build | Blacksmith |
| 16:55 | Create | Villager (Male) |
| 17:24 | Research | Castle Age |
| 17:24 | Research | Castle Age |
| 17:31 | Build | Palisade Wall |
| 17:33 | Build | Palisade Wall |
| 17:37 | Build | House |
| 17:39 | Build | Palisade Wall |
| 17:52 | Build | Palisade Wall |
| 18:11 | Build | Palisade Wall |
| 18:22 | Build | House |
| 18:31 | Build | House |
| 18:32 | Create | Villager (Male) |
| 18:35 | Build | Palisade Wall |
| 18:48 | Create | Fishing Ship |
| 18:48 | Create | Fishing Ship |
| 19:00 | Build | Palisade Wall |
| 19:18 | Build | Palisade Gate |
| 19:31 | Build | Palisade Gate |
| 19:51 | Create | Villager (Male) |
| 20:04 | Age | Castle Age |
| 20:04 | Build | House |
| 20:06 | Research | War Galley (upgrade) |
| 20:12 | Build | Siege Workshop |
| 20:38 | Create | Scorpion |
| 20:44 | Create | Villager (Male) |
| 20:58 | Build | Palisade Wall |
| 21:05 | Build | Town Center |
| 21:07 | Create | Villager (Male) |
| 21:16 | Build | House |
| 21:22 | Create | Villager (Male) |
| 21:27 | Create | Villager (Male) |
| 21:30 | Create | Fishing Ship |
| 21:30 | Create | Fishing Ship |
| 21:36 | Build | House |
| 21:36 | Create | Villager (Male) |
| 22:09 | Build | House |
| 22:10 | Create | Fishing Ship |
| 22:11 | Create | Fishing Ship |
| 22:23 | Create | Villager (Male) |
| 22:38 | Create | Villager (Male) |
| 22:43 | Build | Mining Camp |
| 22:46 | Create | Villager (Male) |
| 23:05 | Build | Farm |
| 23:07 | Build | Farm |
| 23:11 | Build | Farm |
| 23:12 | Build | Farm |
| 23:13 | Create | Villager (Male) |
| 23:13 | Create | Villager (Male) |
| 23:19 | Create | Fishing Ship |
| 23:19 | Create | Fishing Ship |
| 23:30 | Create | Villager (Male) |
| 23:30 | Create | Villager (Male) |
| 23:32 | Build | Farm |
| 23:41 | Research | Bow Saw |
| 23:41 | Research | Bow Saw |
| 24:06 | Create | Villager (Male) |
| 24:08 | Build | Farm |
| 24:13 | Create | Villager (Male) |
| 24:17 | Create | Villager (Male) |
| 24:30 | Build | Dock |
| 24:33 | Create | Villager (Male) |
| 24:33 | Create | Villager (Male) |
| 24:35 | Create | Villager (Male) |
| 24:44 | Research | Horse Collar |
| 25:00 | Create | Villager (Male) |
| 25:05 | Create | Villager (Male) |
| 25:10 | Build | Lumber Camp |
| 25:12 | Build | House |
| 25:15 | Create | Fishing Ship |
| 25:15 | Create | Fishing Ship |
| 25:17 | Create | Villager (Male) |
| 25:26 | Create | Villager (Male) |
| 25:28 | Create | Fishing Ship |
| 25:28 | Create | Fishing Ship |
| 25:36 | Research | Wheelbarrow |
| 25:44 | Build | House |
| 25:49 | Create | Villager (Male) |
| 25:57 | Create | Iron Pagoda |
Build order — Eli
First 150 of 330 actions detected
| 0:12 | Build | Town Center |
| 0:50 | Build | Dock |
| 2:36 | Create | Villager (Male) |
| 2:36 | Create | Villager (Male) |
| 2:37 | Create | Villager (Male) |
| 2:37 | Create | Villager (Male) |
| 2:37 | Create | Villager (Male) |
| 2:38 | Create | Villager (Male) |
| 3:33 | Create | Fishing Ship |
| 3:33 | Create | Fishing Ship |
| 4:09 | Build | House |
| 4:32 | Create | Villager (Male) |
| 4:34 | Build | House |
| 5:01 | Create | Villager (Male) |
| 5:01 | Create | Villager (Male) |
| 5:16 | Create | Fishing Ship |
| 5:17 | Create | Fishing Ship |
| 5:27 | Build | House |
| 5:29 | Create | Villager (Male) |
| 5:29 | Create | Villager (Male) |
| 5:55 | Create | Villager (Male) |
| 5:55 | Create | Villager (Male) |
| 5:56 | Create | Fishing Ship |
| 5:56 | Create | Fishing Ship |
| 6:18 | Create | Villager (Male) |
| 6:18 | Create | Villager (Male) |
| 6:26 | Build | House |
| 6:36 | Create | Villager (Male) |
| 6:50 | Create | Fishing Ship |
| 6:53 | Create | Villager (Male) |
| 6:53 | Create | Villager (Male) |
| 7:12 | Create | Villager (Male) |
| 7:22 | Build | House |
| 7:32 | Create | Fishing Ship |
| 7:35 | Build | House |
| 7:37 | Create | Villager (Male) |
| 7:44 | Build | House |
| 7:48 | Create | Villager (Male) |
| 8:04 | Create | Villager (Male) |
| 8:11 | Create | Fishing Ship |
| 8:42 | Create | Fishing Ship |
| 8:46 | Create | Villager (Male) |
| 9:17 | Create | Villager (Male) |
| 9:20 | Build | Mining Camp |
| 9:59 | Research | Feudal Age |
| 9:59 | Research | Feudal Age |
| 10:08 | Create | Villager (Male) |
| 10:08 | Create | Villager (Male) |
| 10:30 | Build | Barracks |
| 10:47 | Build | House |
| 11:49 | Build | Palisade Wall |
| 11:50 | Build | Palisade Wall |
| 12:08 | Build | Palisade Wall |
| 12:09 | Build | Palisade Wall |
| 12:17 | Age | Feudal Age |
| 12:18 | Build | Archery Range |
| 12:21 | Build | Blacksmith |
| 12:25 | Build | Palisade Wall |
| 12:59 | Create | Archer |
| 13:06 | Research | Castle Age |
| 13:06 | Research | Castle Age |
| 13:12 | Build | House |
| 13:13 | Create | Archer |
| 13:13 | Create | Archer |
| 13:40 | Research | Fletching |
| 13:40 | Research | Fletching |
| 13:42 | Build | Palisade Wall |
| 13:43 | Build | Palisade Wall |
| 13:51 | Create | Villager (Male) |
| 14:08 | Create | Archer |
| 14:08 | Create | Archer |
| 14:12 | Build | House |
| 14:42 | Build | Palisade Wall |
| 14:44 | Build | Palisade Wall |
| 15:03 | Create | Archer |
| 15:47 | Age | Castle Age |
| 15:47 | Research | Crossbowman (upgrade) |
| 15:54 | Research | Bodkin Arrow |
| 15:56 | Build | Town Center |
| 16:02 | Create | Villager (Male) |
| 16:24 | Create | Villager (Male) |
| 16:43 | Create | Villager (Male) |
| 16:49 | Build | Mill |
| 16:52 | Create | Villager (Male) |
| 17:00 | Create | Villager (Male) |
| 17:12 | Create | Villager (Male) |
| 17:14 | Build | Lumber Camp |
| 17:25 | Create | Villager (Male) |
| 17:30 | Create | Villager (Male) |
| 17:42 | Create | Villager (Male) |
| 17:49 | Research | Double-Bit Axe |
| 17:59 | Build | Mill |
| 18:09 | Build | Mill |
| 18:11 | Build | House |
| 18:24 | Create | Villager (Male) |
| 18:24 | Create | Villager (Male) |
| 18:35 | Create | Villager (Male) |
| 18:35 | Create | Villager (Male) |
| 18:40 | Build | House |
| 18:48 | Create | Villager (Male) |
| 18:48 | Create | Villager (Male) |
| 18:57 | Create | Villager (Male) |
| 18:57 | Create | Villager (Male) |
| 19:11 | Create | Villager (Male) |
| 19:17 | Build | Farm |
| 19:32 | Create | Villager (Male) |
| 19:37 | Build | Town Center |
| 19:41 | Create | Villager (Male) |
| 19:50 | Create | Villager (Male) |
| 19:52 | Build | Farm |
| 19:53 | Build | Farm |
| 19:56 | Build | Farm |
| 19:58 | Create | Villager (Male) |
| 20:03 | Create | Villager (Male) |
| 20:05 | Create | Villager (Male) |
| 20:07 | Create | Villager (Male) |
| 20:16 | Build | Mill |
| 20:17 | Create | Villager (Male) |
| 20:20 | Research | Bow Saw |
| 20:32 | Create | Villager (Male) |
| 20:39 | Create | Villager (Male) |
| 20:43 | Create | Villager (Male) |
| 20:46 | Create | Villager (Male) |
| 21:16 | Create | Villager (Male) |
| 21:19 | Research | Horse Collar |
| 21:23 | Create | Villager (Male) |
| 21:25 | Create | Villager (Male) |
| 21:28 | Build | Farm |
| 21:29 | Create | Villager (Male) |
| 21:34 | Build | Monastery |
| 21:35 | Create | Villager (Male) |
| 21:40 | Build | Farm |
| 21:41 | Create | Villager (Male) |
| 21:48 | Create | Villager (Male) |
| 21:55 | Create | Villager (Male) |
| 22:01 | Build | Farm |
| 22:02 | Create | Villager (Male) |
| 22:06 | Create | Villager (Male) |
| 22:09 | Build | House |
| 22:09 | Build | House |
| 22:10 | Build | House |
| 22:12 | Research | Wheelbarrow |
| 22:14 | Research | Town Watch |
| 22:14 | Research | Town Watch |
| 22:15 | Create | Villager (Male) |
| 22:22 | Create | Monk |
| 22:23 | Create | Villager (Male) |
| 22:27 | Create | Villager (Male) |
| 22:31 | Create | Villager (Male) |
| 22:36 | Build | House |
Build order — Zni.Locuss
First 150 of 234 actions detected
| 0:40 | Build | Dock |
| 0:41 | Build | House |
| 0:48 | Build | Town Center |
| 2:57 | Create | Villager (Male) ×4 |
| 4:09 | Create | Villager (Male) |
| 4:34 | Create | Fishing Ship |
| 4:37 | Research | Loom |
| 4:59 | Build | House |
| 5:15 | Create | Villager (Male) |
| 5:35 | Create | Villager (Male) |
| 5:36 | Create | Villager (Male) |
| 5:54 | Create | Fishing Ship |
| 6:05 | Create | Villager (Male) |
| 6:28 | Build | House |
| 6:31 | Create | Villager (Male) |
| 6:31 | Create | Villager (Male) |
| 6:48 | Create | Villager (Male) |
| 6:48 | Create | Villager (Male) |
| 7:06 | Create | Fishing Ship |
| 7:08 | Create | Villager (Male) |
| 7:08 | Create | Villager (Male) |
| 7:39 | Create | Villager (Male) |
| 7:47 | Create | Villager (Male) |
| 7:55 | Create | Fishing Ship |
| 8:11 | Build | House |
| 8:15 | Create | Villager (Male) |
| 8:44 | Create | Fishing Ship |
| 8:54 | Create | Villager (Male) |
| 9:21 | Build | House |
| 9:25 | Create | Villager (Male) |
| 9:39 | Create | Villager (Male) |
| 9:43 | Create | Fishing Ship |
| 10:01 | Create | Fishing Ship |
| 10:02 | Create | Villager (Male) |
| 10:39 | Build | House |
| 10:45 | Create | Villager (Male) |
| 11:09 | Build | Mill |
| 11:13 | Create | Villager (Male) |
| 11:25 | Build | Mining Camp |
| 11:38 | Create | Villager (Male) |
| 11:50 | Research | Feudal Age |
| 12:05 | Build | Palisade Wall |
| 12:08 | Build | Palisade Wall |
| 12:13 | Build | Mining Camp |
| 12:26 | Build | Palisade Wall |
| 13:28 | Build | Palisade Wall |
| 13:31 | Build | Palisade Wall |
| 13:44 | Build | Palisade Wall |
| 13:50 | Create | Villager (Male) |
| 13:56 | Build | Palisade Wall |
| 14:14 | Create | Villager (Male) |
| 14:18 | Age | Feudal Age |
| 14:19 | Build | Market |
| 14:33 | Build | Blacksmith |
| 14:35 | Research | Town Watch |
| 15:00 | Build | Outpost |
| 15:14 | Build | Lumber Camp |
| 15:36 | Research | Castle Age |
| 15:49 | Build | Outpost |
| 16:01 | Research | Double-Bit Axe |
| 16:38 | Build | Palisade Wall |
| 17:06 | Build | House |
| 17:10 | Build | Palisade Gate |
| 17:45 | Create | Villager (Male) |
| 17:47 | Research | Fletching |
| 17:48 | Research | Scale Barding Armor |
| 18:16 | Age | Castle Age |
| 18:19 | Build | Krepost |
| 18:27 | Create | Villager (Male) |
| 18:46 | Build | Town Center |
| 18:51 | Create | Villager (Male) |
| 19:07 | Create | Konnik |
| 19:07 | Create | Konnik |
| 19:07 | Create | Konnik |
| 19:26 | Create | Villager (Male) |
| 19:52 | Create | Konnik |
| 19:53 | Create | Villager (Male) |
| 19:58 | Create | Villager (Male) |
| 19:58 | Create | Villager (Male) |
| 20:16 | Create | Villager (Male) |
| 20:17 | Create | Villager (Male) |
| 20:26 | Create | Konnik |
| 20:30 | Create | Villager (Male) |
| 20:31 | Build | Outpost |
| 20:50 | Create | Konnik |
| 20:52 | Create | Villager (Male) |
| 20:56 | Create | Villager (Male) |
| 21:01 | Build | Farm |
| 21:03 | Create | Villager (Male) |
| 21:04 | Build | Farm |
| 21:10 | Build | Farm |
| 21:32 | Create | Villager (Male) |
| 21:33 | Create | Villager (Male) |
| 21:41 | Create | Villager (Male) |
| 21:46 | Build | Town Center |
| 21:54 | Build | Farm |
| 22:09 | Create | Villager (Male) |
| 22:10 | Create | Villager (Male) |
| 22:15 | Build | Outpost |
| 22:18 | Research | Horse Collar |
| 22:35 | Build | House |
| 22:35 | Build | House |
| 22:46 | Create | Villager (Male) |
| 22:47 | Create | Villager (Male) |
| 22:48 | Research | Wheelbarrow |
| 23:11 | Create | Villager (Male) |
| 23:12 | Create | Villager (Male) |
| 23:26 | Create | Villager (Male) |
| 23:26 | Create | Villager (Male) |
| 23:27 | Create | Villager (Male) |
| 23:28 | Create | Villager (Male) |
| 23:29 | Build | Farm |
| 23:56 | Create | Villager (Male) |
| 24:07 | Create | Villager (Male) |
| 24:09 | Build | House |
| 24:09 | Build | House |
| 24:14 | Build | Farm |
| 24:16 | Build | Mill |
| 24:29 | Create | Villager (Male) |
| 24:32 | Create | Villager (Male) |
| 24:38 | Build | Outpost |
| 24:46 | Build | Town Center |
| 24:49 | Create | Villager (Male) |
| 24:50 | Create | Villager (Male) |
| 24:54 | Build | Farm |
| 24:56 | Create | Villager (Male) |
| 24:58 | Build | Farm |
| 25:00 | Create | Konnik |
| 25:01 | Create | Konnik |
| 25:07 | Create | Villager (Male) |
| 25:12 | Build | Farm |
| 25:15 | Create | Villager (Male) |
| 25:29 | Create | Villager (Male) |
| 25:32 | Build | Krepost |
| 25:42 | Create | Villager (Male) |
| 25:43 | Create | Villager (Male) |
| 25:44 | Create | Villager (Male) |
| 25:49 | Create | Villager (Male) |
| 25:50 | Create | Villager (Male) |
| 25:58 | Build | Farm |
| 26:00 | Build | Farm |
| 26:02 | Build | Farm |
| 26:05 | Build | Farm |
| 26:06 | Create | Villager (Male) |
| 26:08 | Create | Villager (Male) |
| 26:11 | Build | Farm |
| 26:13 | Build | Farm |
| 26:17 | Create | Villager (Male) |
| 26:19 | Create | Villager (Male) |
| 26:22 | Build | House |
Build order — Zni.Kark01
First 150 of 197 actions detected
| 0:25 | Build | Town Center |
| 1:19 | Build | Dock |
| 1:21 | Build | House |
| 3:06 | Create | Villager (Male) |
| 3:06 | Create | Villager (Male) |
| 3:06 | Create | Villager (Male) |
| 3:06 | Create | Villager (Male) |
| 3:07 | Create | Villager (Male) |
| 4:04 | Create | Villager (Male) |
| 4:05 | Create | Villager (Male) |
| 4:20 | Create | Fishing Ship |
| 4:21 | Create | Fishing Ship |
| 5:04 | Create | Villager (Male) |
| 5:04 | Create | Villager (Male) |
| 5:09 | Build | House |
| 5:28 | Create | Fishing Ship |
| 5:28 | Create | Fishing Ship |
| 5:42 | Research | Loom |
| 5:42 | Research | Loom |
| 5:52 | Create | Villager (Male) |
| 5:53 | Create | Villager (Male) |
| 6:20 | Create | Villager (Male) |
| 6:21 | Create | Fishing Ship |
| 6:21 | Create | Fishing Ship |
| 6:40 | Build | House |
| 6:45 | Create | Villager (Male) |
| 6:46 | Create | Villager (Male) |
| 7:06 | Create | Fishing Ship |
| 7:13 | Create | Villager (Male) |
| 7:13 | Create | Villager (Male) |
| 7:27 | Build | Palisade Wall |
| 7:36 | Create | Villager (Male) |
| 7:46 | Create | Villager (Male) |
| 7:46 | Create | Villager (Male) |
| 8:20 | Create | Villager (Male) |
| 8:21 | Create | Villager (Male) |
| 8:35 | Create | Fishing Ship |
| 8:35 | Create | Fishing Ship |
| 8:40 | Build | House |
| 9:17 | Create | Villager (Male) |
| 9:32 | Create | Villager (Male) |
| 9:47 | Build | House |
| 10:00 | Create | Villager (Male) |
| 10:07 | Build | Barracks |
| 10:11 | Create | Villager (Male) |
| 10:41 | Build | Mining Camp |
| 10:59 | Research | Feudal Age |
| 10:59 | Research | Feudal Age |
| 11:12 | Create | Militia |
| 11:12 | Create | Militia |
| 11:18 | Build | House |
| 11:31 | Create | Militia |
| 12:15 | Create | Militia |
| 12:45 | Create | Villager (Male) |
| 12:57 | Build | Mining Camp |
| 13:09 | Age | Feudal Age |
| 13:12 | Research | Man-at-Arms (upgrade) |
| 13:12 | Research | Man-at-Arms (upgrade) |
| 13:25 | Create | Villager (Male) |
| 13:38 | Create | Militia |
| 13:39 | Create | Villager (Male) |
| 14:06 | Create | Militia |
| 14:27 | Build | Watch Tower |
| 14:43 | Create | Militia |
| 14:43 | Create | Militia |
| 15:07 | Build | Watch Tower |
| 15:12 | Create | Villager (Male) |
| 15:26 | Create | Villager (Male) |
| 15:29 | Build | Archery Range |
| 15:44 | Create | Villager (Male) |
| 15:51 | Create | Villager (Male) |
| 15:52 | Create | Villager (Male) |
| 16:09 | Create | Skirmisher |
| 16:10 | Create | Skirmisher |
| 16:12 | Create | Fishing Ship |
| 16:13 | Create | Fishing Ship |
| 16:13 | Create | Fishing Ship |
| 16:31 | Create | Skirmisher |
| 16:32 | Create | Skirmisher |
| 16:32 | Create | Skirmisher |
| 16:54 | Build | Lumber Camp |
| 17:14 | Create | Villager (Male) |
| 17:14 | Create | Villager (Male) |
| 17:18 | Create | Skirmisher |
| 17:18 | Create | Skirmisher |
| 17:27 | Build | House |
| 17:38 | Create | Villager (Male) |
| 17:39 | Create | Villager (Male) |
| 17:40 | Create | Fishing Ship |
| 17:49 | Create | Militia |
| 17:49 | Create | Militia |
| 17:54 | Build | House |
| 18:14 | Create | Militia |
| 18:18 | Create | Fishing Ship |
| 18:18 | Create | Fishing Ship |
| 18:48 | Create | Villager (Male) |
| 18:52 | Create | Militia |
| 18:56 | Create | Skirmisher |
| 18:56 | Create | Skirmisher |
| 19:18 | Create | Fishing Ship |
| 19:21 | Create | Villager (Male) |
| 19:21 | Create | Villager (Male) |
| 19:30 | Create | Militia |
| 19:30 | Create | Militia |
| 19:50 | Create | Villager (Male) |
| 20:04 | Build | Dock |
| 20:11 | Create | Villager (Male) |
| 20:18 | Create | Villager (Male) |
| 20:23 | Create | Skirmisher |
| 20:24 | Create | Skirmisher |
| 20:39 | Create | Fishing Ship |
| 20:42 | Create | Villager (Male) |
| 20:42 | Create | Villager (Male) |
| 20:56 | Create | Villager (Male) |
| 20:56 | Create | Villager (Male) |
| 20:57 | Build | House |
| 21:07 | Create | Skirmisher |
| 21:07 | Create | Skirmisher |
| 21:07 | Create | Skirmisher |
| 21:11 | Build | House |
| 21:15 | Build | Outpost |
| 21:19 | Research | Town Watch |
| 21:20 | Research | Town Watch |
| 21:24 | Create | Fishing Ship |
| 21:24 | Create | Fishing Ship |
| 21:32 | Create | Skirmisher |
| 21:35 | Create | Villager (Male) |
| 21:36 | Create | Villager (Male) |
| 21:45 | Build | Stone Wall |
| 21:48 | Build | Stone Wall |
| 21:53 | Create | Skirmisher |
| 21:54 | Create | Villager (Male) |
| 22:03 | Create | Villager (Male) |
| 22:04 | Create | Fishing Ship |
| 22:21 | Research | Double-Bit Axe |
| 22:22 | Research | Double-Bit Axe |
| 22:54 | Build | Lumber Camp |
| 23:05 | Build | House |
| 23:10 | Create | Villager (Male) |
| 23:24 | Create | Fishing Ship |
| 23:25 | Create | Fishing Ship |
| 23:28 | Build | House |
| 23:31 | Build | House |
| 23:34 | Create | Villager (Male) |
| 23:47 | Create | Villager (Male) |
| 24:04 | Create | Villager (Male) |
| 24:09 | Create | Fishing Ship |
| 24:18 | Create | Villager (Male) |
| 24:23 | Build | Watch Tower |
| 24:28 | Build | Blacksmith |
Match timeline
| 0:17 | ELEOS | Danielsiii · first_building Dock |
| 0:39 | ELEOS | wosm · first_building Dock |
| 0:40 | Zni.Locuss · first_building Dock |
| 0:50 | Eli · first_building Dock |
| 1:01 | Niilcha · first_building Dock |
| 1:19 | Zni.Kark01 · first_building Dock |
| 1:27 | Bubbagump · first_building Dock |
| 1:49 | ELEOS | Hitorek · first_building Dock |
| 5:42 | Bubbagump · wall_segment Palisade Wall x1 |
| 5:43 | Bubbagump · wall_segment Palisade Wall x1 |
| 7:14 | ELEOS | Danielsiii · wall_segment Palisade Wall x1 |
| 7:27 | Zni.Kark01 · wall_segment Palisade Wall x1 |
| 10:07 | Zni.Kark01 · first_building Barracks |
| 10:23 | ELEOS | Danielsiii · wall_segment Palisade Wall x1 |
| 10:30 | Eli · first_building Barracks |
| 10:33 | ELEOS | wosm · age_up feudal |
| 11:49 | Eli · wall_segment Palisade Wall x1 |
| 11:50 | Eli · wall_segment Palisade Wall x1 |
| 11:52 | ELEOS | wosm · wall_segment Palisade Wall x1 |
| 11:55 | ELEOS | wosm · wall_segment Palisade Wall x1 |
| 12:05 | Zni.Locuss · wall_segment Palisade Wall x5 |
| 12:08 | Eli · wall_segment Palisade Wall x1 |
| 12:08 | Zni.Locuss · wall_segment Palisade Wall x3 |
| 12:09 | Eli · wall_segment Palisade Wall x1 |
| 12:17 | Eli · age_up feudal |
| 12:18 | Eli · first_building Archery Range |
| 12:22 | ELEOS | wosm · wall_segment Palisade Wall x1 |
| 12:22 | Bubbagump · age_up feudal |
| 12:25 | Eli · wall_segment Palisade Wall x1 |
| 12:26 | Zni.Locuss · wall_segment Palisade Wall x16 |
| 12:37 | ELEOS | Hitorek · first_building Barracks |
| 12:54 | ELEOS | Danielsiii · first_building Barracks |
| 12:57 | ELEOS | wosm · wall_segment Palisade Wall x1 |
| 13:01 | ELEOS | wosm · wall_segment Palisade Wall x1 |
| 13:09 | Zni.Kark01 · age_up feudal |
| 13:13 | ELEOS | Hitorek · wall_segment Palisade Wall x5 |
| 13:15 | ELEOS | Hitorek · wall_segment Palisade Wall x1 |
| 13:16 | ELEOS | Hitorek · wall_segment Palisade Wall x1 |
| 13:16 | ELEOS | Hitorek · wall_segment Palisade Wall x1 |
| 13:27 | ELEOS | Danielsiii · wall_segment Palisade Wall x1 |
| 13:28 | ELEOS | Danielsiii · wall_segment Palisade Wall x1 |
| 13:28 | Zni.Locuss · wall_segment Palisade Wall x2 |
| 13:30 | ELEOS | Danielsiii · wall_segment Palisade Wall x1 |
| 13:31 | ELEOS | Danielsiii · wall_segment Palisade Wall x1 |
| 13:31 | Zni.Locuss · wall_segment Palisade Wall x1 |
| 13:39 | ELEOS | Hitorek · age_up feudal |
| 13:42 | Eli · wall_segment Palisade Wall x1 |
| 13:43 | Eli · wall_segment Palisade Wall x1 |
| 13:44 | Zni.Locuss · wall_segment Palisade Wall x4 |
| 13:55 | ELEOS | Hitorek · first_building Archery Range |
| 13:56 | Zni.Locuss · wall_segment Palisade Wall x9 |
| 14:08 | ELEOS | Danielsiii · age_up feudal |
| 14:12 | ELEOS | Danielsiii · first_building Archery Range |
| 14:14 | ELEOS | wosm · wall_segment Palisade Wall x1 |
| 14:18 | Zni.Locuss · age_up feudal |
| 14:42 | Eli · wall_segment Palisade Wall x1 |
| 14:44 | Eli · wall_segment Palisade Wall x7 |
| 14:49 | Niilcha · age_up feudal |
| 15:29 | Zni.Kark01 · first_building Archery Range |
| 15:47 | Eli · age_up castle |
| 16:07 | Bubbagump · wall_segment Palisade Wall x6 |
| 16:38 | Zni.Locuss · wall_segment Palisade Wall x1 |
| 16:49 | ELEOS | Danielsiii · first_building Stable |
| 17:02 | Bubbagump · first_market_sell 100 stone |
| 17:03 | Bubbagump · first_market_buy 100 food |
| 17:31 | Bubbagump · wall_segment Palisade Wall x9 |
| 17:33 | Bubbagump · wall_segment Palisade Wall x1 |
| 17:38 | ELEOS | Danielsiii · age_up castle |
| 17:39 | Bubbagump · wall_segment Palisade Wall x1 |
| 17:52 | Bubbagump · wall_segment Palisade Wall x1 |
| 18:11 | Bubbagump · wall_segment Palisade Wall x1 |
| 18:16 | Zni.Locuss · age_up castle |
| 18:18 | Niilcha · first_market_buy 100 wood |
| 18:19 | Zni.Locuss · first_building Krepost |
| 18:21 | Niilcha · age_up castle |
| 18:34 | Niilcha · first_building Siege Workshop |
| 18:35 | Bubbagump · wall_segment Palisade Wall x1 |
| 18:53 | ELEOS | wosm · wall_segment Stone Wall x14 |
| 18:55 | ELEOS | wosm · wall_segment Stone Wall x1 |
| 19:00 | Bubbagump · wall_segment Palisade Wall x7 |
| 20:04 | Bubbagump · age_up castle |
| 20:12 | ELEOS | wosm · wall_segment Stone Wall x5 |
| 20:12 | Bubbagump · first_building Siege Workshop |
| 20:52 | Niilcha · wall_segment Palisade Wall x1 |
| 20:52 | Niilcha · wall_segment Palisade Wall x1 |
| 20:58 | Bubbagump · wall_segment Palisade Wall x6 |
| 21:30 | ELEOS | Hitorek · wall_segment Palisade Wall x8 |
| 21:34 | Eli · first_building Monastery |
| 21:45 | Zni.Kark01 · wall_segment Stone Wall x1 |
| 21:48 | Zni.Kark01 · wall_segment Stone Wall x1 |
| 22:11 | ELEOS | Danielsiii · first_building Siege Workshop |
| 22:48 | ELEOS | Hitorek · wall_segment Palisade Wall x1 |
| 22:48 | Eli · first_building Stable |
| 22:58 | ELEOS | Hitorek · age_up castle |
| 23:00 | ELEOS | Hitorek · wall_segment Palisade Wall x1 |
| 23:57 | Zni.Locuss · first_market_buy 100 stone |
| 24:38 | ELEOS | Hitorek · first_market_buy 100 wood |
| 25:45 | ELEOS | Danielsiii · tribute_sent a jugador 2 |
| 25:45 | ELEOS | Danielsiii · tribute_sent a jugador 3 |
| 25:45 | ELEOS | Danielsiii · tribute_sent a jugador 4 |
| 25:45 | ELEOS | Danielsiii · tribute_sent a jugador 5 |
| 25:45 | ELEOS | Danielsiii · tribute_sent a jugador 6 |
| 25:45 | ELEOS | Danielsiii · tribute_sent a jugador 7 |
| 25:45 | ELEOS | Danielsiii · tribute_sent a jugador 8 |
| 26:03 | ELEOS | Danielsiii · tribute_sent a jugador 2 |
| 26:03 | ELEOS | Danielsiii · tribute_sent a jugador 3 |
| 26:03 | ELEOS | Danielsiii · tribute_sent a jugador 4 |
| 26:03 | ELEOS | Danielsiii · tribute_sent a jugador 5 |
| 26:03 | ELEOS | Danielsiii · tribute_sent a jugador 6 |
| 26:03 | ELEOS | Danielsiii · tribute_sent a jugador 7 |
| 26:03 | ELEOS | Danielsiii · tribute_sent a jugador 8 |
| 26:12 | Bubbagump · first_building Barracks |
| 26:27 | ELEOS | Hitorek · first_market_sell 100 wood |
| 26:48 | ELEOS | Hitorek · wall_segment Palisade Wall x1 |
| 26:50 | ELEOS | Danielsiii · first_market_sell 100 stone |
| 27:04 | Bubbagump · first_building Stable |
| 27:07 | Niilcha · first_market_sell 100 wood |
| 27:58 | Zni.Locuss · first_market_sell 100 stone |
| 28:00 | ELEOS | Danielsiii · first_building Castle |
| 28:00 | Bubbagump · first_building Monastery |
| 28:27 | Bubbagump · first_building Castle |
| 28:44 | Eli · first_building Siege Workshop |
| 29:47 | ELEOS | wosm · first_market_buy 100 wood |
| 30:07 | Zni.Kark01 · first_market_sell 100 food |
| 30:09 | ELEOS | Danielsiii · age_up imperial |
| 30:37 | Eli · wall_segment Palisade Wall x1 |
| 30:38 | Eli · wall_segment Palisade Wall x1 |
| 30:40 | Eli · wall_segment Palisade Wall x1 |
| 30:50 | ELEOS | wosm · age_up castle |
| 31:04 | ELEOS | wosm · first_market_sell 100 food |
| 31:45 | Zni.Locuss · resign |
[ AI ANALYSIS · 1 CREDIT ]
What really happened in this match?
Wolo.gg analyzes every decision: build order, eco, micro, common mistakes by bracket. Personalized analysis on WhatsApp or Discord in 30 seconds.
Civ guide
Dravidians
Perfil
Jugador #993449